 Dungeon Crawl Stone Soup version 0.23.0-3-gf3c87f2df8 (webtiles) character file.

Game seed: 58723554934370040

2341 OdinFK the Unseen (level 9, 0/41 HPs)
             Began as a Spriggan Assassin on Feb 22, 2019.
             Was an Initiate of Dithmenos.
             Slain by a killer bee (4 damage)
             ... on level 7 of the Dungeon.
             The game lasted 00:40:08 (8255 turns).

OdinFK the Unseen (Spriggan Assassin)               Turns: 8255, Time: 00:40:09

Health: 0/41       AC:  5    Str:  7    XL:     9   Next: 20%
Magic:  13/13      EV: 25    Int: 12    God:    Dithmenos [......]
Gold:   216        SH:  0    Dex: 26    Spells: 8/8 levels left

rFire    . . .     SeeInvis +   a - +2 dagger
rCold    . . .     Gourm    .   (shield restricted)
rNeg     . . .     Faith    .   c - +0 robe
rPois    .         Spirit   .   q - +2 hat
rElec    .         Reflect  .   d - +0 cloak
rCorr    .         Harm     .   (gloves unavailable)
MR       +....                  (boots unavailable)
Stlth    ++++++++..             (no amulet)
HPRegen  0.13/turn              (no ring)
MPRegen  0.13/turn              (no ring)

@: agile, flying, very quick
A: very small, unfitting armour, see invisible, herbivore, speed 3, slow
metabolism 2
a: Renounce Religion


You were on level 7 of the Dungeon.
You worshipped Dithmenos.
Dithmenos was noncommittal.
You were very hungry.

You visited 1 branch of the dungeon, and saw 7 of its levels.

You collected 216 gold pieces.

Inventory:

Hand Weapons
 a - a +2 dagger (weapon)
 b - a +0 blowgun
Missiles
 e - 4 poisoned needles (quivered)
 f - 2 curare-tipped needles
 n - 2 tomahawks
Armour
 c - a +0 robe (worn)
 d - a +0 cloak (worn)
 q - a +2 hat (worn)
Wands
 u - a wand of paralysis (1)
Scrolls
 i - 5 scrolls of remove curse
 l - 5 scrolls of identify
 m - 2 scrolls of fear {unknown}
 r - 2 scrolls of teleportation {unknown}
 s - a scroll of noise {unknown}
 w - a scroll of vulnerability {unknown}
 y - a scroll of silence {unknown}
 A - a scroll of enchant weapon {unknown}
Potions
 h - a potion of flight
 j - a potion of agility
 k - a potion of curing
 o - 2 potions of mutation {unknown}
 p - a potion of degeneration {unknown}
 t - a potion of berserk rage {unknown}
 v - a potion of resistance {unknown}
 B - a potion of cancellation {unknown}
Comestibles
 g - 5 rations


   Skills:
 - Level 1.5 Fighting
 - Level 3.1 Short Blades
 + Level 3.3 Throwing
 + Level 3.2 Dodging
 + Level 16.5 Stealth
 - Level 5.0 Evocations


You had 8 spell levels left.
You didn't know any spells.
Your spell library contained the following spells:

 Spells                   Type           Power        Failure   Level  Hunger
 Animate Skeleton         Necr           N/A          32%         1    ##.....
 Apportation              Tloc           #.....       32%         1    ##.....
 Confusing Touch          Hex            #.....       32%         1    ##.....
 Corona                   Hex            #......      32%         1    ##.....
 Summon Small Mammal      Summ           #...         32%         1    ##.....
 Ensorcelled Hibernation  Hex/Ice        #.....       45%         2    ###....
 Confuse                  Hex            #.......     69%         3    ####...
 Dazzling Spray           Conj/Hex       #.....       69%         3    ####...
 Tukima's Dance           Hex            #.......     69%         3    ####...


Dungeon Overview and Level Annotations

Branches:
Dungeon (7/15)
 Temple: D:4-7

Altars:
Ashenzari
Dithmenos
Elyvilon
Fedhas
Gozag
Hepliaklqana
Kikubaaqudgha
Makhleb
Nemelex Xobeh
Okawaru
Qazlal
Sif Muna
Wu Jian

Shops:
D:4 *   D:7 :

Annotations:
D:2 Jessica
D:3 exclusion: oklob plant
D:4 1 runed translucent door, soberaf's ghost, novice OpAK
D:5 Menkaure


Innate Abilities, Weirdness & Mutations

You are very small and have problems with some larger weapons.
You are too small for most types of armour.
You have supernaturally acute eyesight. (SInv)
You are a herbivore.
You cover ground extremely quickly.
You need to consume almost no food.


Message History

Dithmenos accepts your kill.
The howler monkey hoots and howls with incredible vigour!
Your sky beast flickers out of sight for a moment.
Your sky beast barely misses the howler monkey.
A crimson imp comes into view.
It was a potion of curing.
You feel better. The killer bee misses you.
Your human closely misses the human.
The killer bee barely misses you. The howler monkey hits you.
* * * LOW HITPOINT WARNING * * *
Your sky beast hits the howler monkey.
Your sky beast shocks the howler monkey.
The howler monkey dies!
Dithmenos accepts your kill. The human hits you.
* * * LOW HITPOINT WARNING * * *
The killer bee misses you.
Your human hits the human with a +0 halberd!
Your sky beast hits the human but does no damage.
Your human barely misses the human.
The killer bee stings you.
You die...

.#.........# .#.........#
###### .#.........# .....#
...........# (#.#..
##.....(...### #......
##...........########...5#
##.##........#.....pY....#
#..#.........#......†§)..###
..##............@ya..p......
..#†.........#...)..........
..<.#####.#.................
[#..### #.###..........##...
.##...###.# ##..............
.##.#..##.## #..........## .
.##.##.)...# #..........#
.##.#####...####.....####
....# #........<####


You could see a human, a worker ant, a killer bee, a friendly human and a
friendly sky beast.

Vanquished Creatures
  A two-headed ogre (D:6)
  Prince Ribbit (D:7)
  An ice beast (D:5)
  A black bear (D:6)
  A necrophage (D:7)
  2 ogres
  2 bullfrogs (D:6)
  A scorpion (D:4)
  5 killer bees
  2 howler monkeys (D:6)
  A bullfrog zombie (D:6)
  2 hounds
  2 orc priests
  3 orc wizards
  A centaur skeleton (D:6)
  An iguana (D:7)
  Ijyb (D:4)
  A killer bee zombie (D:6)
  A hound skeleton (D:5)
  3 gnolls
  5 adders
  An adder zombie (D:7)
  4 dart slugs
  A worm (D:3)
  4 leopard geckos
  16 orcs
  2 ball pythons (D:6)
  3 bats
  3 giant cockroaches
  6 goblins
  3 hobgoblins
  10 jackals
  10 kobolds
  A quokka (D:3)
  3 frilled lizards
  A jackal skeleton (D:6)
  A jackal zombie (D:6)
  A leopard gecko skeleton (D:5)
  A quokka skeleton (D:6)
  5 rats
114 creatures vanquished.

Vanquished Creatures (collateral kills)
  3 howler monkeys (D:7)
3 creatures vanquished.

Vanquished Creatures (others)
  2 humans (D:7)
  17 toadstools (D:3)
19 creatures vanquished.

Grand Total: 136 creatures vanquished

Notes
Turn   | Place    | Note
-------+----------+-------------------------------------------
     0 | D:1      | OdinFK the Spriggan Assassin began the quest for the Orb.
     0 | D:1      | Reached XP level 1. HP: 10/10 MP: 2/2
    41 | D:1      | Reached skill level 6 in Stealth
   240 | D:1      | Reached XP level 2. HP: 6/14 MP: 3/3
   729 | D:1      | Reached skill level 7 in Stealth
  1449 | D:2      | Reached XP level 3. HP: 18/18 MP: 4/4
  1652 | D:2      | Found a stormy altar of Qazlal.
  2022 | D:2      | Noticed Jessica
  2371 | D:3      | Reached skill level 8 in Stealth
  2729 | D:3      | Reached XP level 4. HP: 22/22 MP: 5/5
  2820 | D:3      | Noticed an ogre
  2827 | D:3      | Killed an ogre
  2827 | D:3      | Reached skill level 10 in Stealth
  2827 | D:3      | Reached XP level 5. HP: 21/25 MP: 6/6
  3043 | D:3      | Found an opulent altar of Gozag.
  3043 | D:3      | Found a sparkling altar of Nemelex Xobeh.
  3080 | D:3      | Found a blossoming altar of Fedhas.
  3123 | D:3      | Noticed an oklob plant
  3409 | D:4      | Found a burning altar of Makhleb.
  3434 | D:4      | Found an ancient bone altar of Kikubaaqudgha.
  3506 | D:4      | Found Jios's General Store.
  3769 | D:4      | Found a white marble altar of Elyvilon.
  3856 | D:4      | Found a runed translucent door.
  3856 | D:4      | Noticed soberaf's ghost (novice OpAK)
  3859 | D:4      | Found a deep blue altar of Sif Muna.
  3939 | D:4      | Found a hazy altar of Hepliaklqana.
  4161 | D:5      | Entered Level 5 of the Dungeon
  4229 | D:5      | Noticed Ijyb
  4243 | D:5      | Noticed an ice beast
  4251 | D:5      | Killed an ice beast
  4251 | D:5      | Reached skill level 11 in Stealth
  4251 | D:5      | Reached XP level 6. HP: 30/30 MP: 7/7
  4273 | D:5      | Found an ornate altar of the Wu Jian Council.
  4361 | D:5      | Noticed Menkaure
  5385 | D:4      | Killed Ijyb
  5618 | D:6      | Reached skill level 12 in Stealth
  5618 | D:6      | Reached XP level 7. HP: 33/33 MP: 8/8
  6383 | D:6      | Reached skill level 13 in Stealth
  6383 | D:6      | Reached skill level 1 in Evocations
  6387 | D:6      | Noticed a two-headed ogre
  6649 | D:6      | Found a shattered altar of Ashenzari.
  6734 | D:6      | Found a shadowy altar of Dithmenos.
  6747 | D:6      | Became a worshipper of Dithmenos the Shadowed
  7261 | D:6      | Killed a two-headed ogre
  7261 | D:6      | Reached skill level 15 in Stealth
  7261 | D:6      | Reached XP level 8. HP: 31/37 MP: 9/12
  7694 | D:7      | Noticed Prince Ribbit
  7698 | D:7      | Killed Prince Ribbit
  7698 | D:7      | Reached skill level 5 in Evocations
  7907 | D:7      | Found Tiosanni's Book Shoppe.
  7931 | D:7      | Found an iron altar of Okawaru.
  7936 | D:7      | Reached skill level 16 in Stealth
  7936 | D:7      | Reached XP level 9. HP: 32/41 MP: 13/13
  8255 | D:7      | Slain by a killer bee

Skill      XL: |  1  2  3  4  5  6  7  8  9 |
---------------+----------------------------+-----
Stealth        | 6 7 8 10 11 12 15 16 | 16.5
Short Blades   | 3 |  3.1
Throwing       | 3 |  3.3
Evocations     | 4 5 |  5.0
Dodging        | 2 3 |  3.2
Fighting       | |  1.5

Action                   |  1- 3 |  4- 6 |  7- 9 || total
-------------------------+-------+-------+-------++-------
Melee: Dagger            |   140 |   257 |   279 ||   676
       Unarmed           |       |     2 |       ||     2
Throw: Tomahawk          |       |       |     2 ||     2
Evoke: Wand              |       |       |    14 ||    14
  Use: Scroll            |       |     2 |       ||     2
       Potion            |       |     1 |     5 ||     6
 Stab: Sleeping          |    18 |    11 |    11 ||    40
       Paralysed         |       |       |     3 ||     3
       Distracted        |       |       |     4 ||     4
  Eat: Ration            |       |     1 |     1 ||     2
Armor: Robe              |    15 |    19 |    29 ||    63
       Skin              |       |    31 |    51 ||    82
Dodge: Dodged            |    99 |   164 |   217 ||   480
